 Dungeon Crawl Stone Soup version 0.31-a0-232-gb1c03b2570 (webtiles) character file.

Game seed: 818781333773551984

13 qw the Shooter (level 2, -1/24 HPs)
             Began as a Minotaur Hexslinger on July 6, 2023.
             Frozen to death by an endoplasm (2 damage)
             ... on level 2 of the Dungeon.
             The game lasted 00:00:12 (803 turns).

qw the Shooter (Minotaur Hexslinger)                 Turns: 803, Time: 00:00:13

Health: -1/24      AC:  2    Str: 12    XL:     2   Next: 24%
Magic:  2/2        EV: 12    Int: 10    God:
Gold:   49         SH:  0    Dex: 12    Spells: 2/3 levels left

rFire   . . .        i - +1 sling (heavy)
rCold   . . .        (no shield)
rNeg    . . .        c - +0 robe
rPois   .            (helmet restricted)
rElec   .            (no cloak)
rCorr   .            (no gloves)
SInv    .            (no boots)
Will    .....        (no amulet)
Stlth   +            (no ring)
HPRegen 0.24/turn    (no ring)
MPRegen 0.08/turn

%: no passive effects
@: no status effects
A: horns 2, retaliatory headbutt
a: no special abilities


You were on level 2 of the Dungeon.
You visited 1 branch of the dungeon, and saw 3 of its levels.

You collected 49 gold pieces.


Innate Abilities, Weirdness & Mutations

You have a pair of horns on your head.
You reflexively headbutt those who attack you in melee.


   Skills:
 + Level 1.8 Fighting
 - Level 3.0 Ranged Weapons
 - Level 2.1 Dodging
 - Level 1.0 Spellcasting
 - Level 2.0 Hexes


You had 2 spell levels left.
You knew the following spells:

 Your Spells              Type           Power      Damage    Failure   Level
a - Slow                  Hex            16%        N/A       16%         1

Your spell library contained the following spells:

 Spells                   Type           Power      Damage    Failure   Level
 Inner Flame              Hex/Fire       2%         N/A       56%         3
 Portal Projectile        Hex/Tloc       4%         N/A       56%         3
 Cause Fear               Hex            2%         N/A       83%         4

Inventory:

Hand Weapons
 i - a +1 heavy sling (weapon)
Armour
 c - a +0 robe (worn)
Jewellery
 b - a ring of protection from fire
Scrolls
 a - a scroll of identify
Potions
 e - a potion of enlightenment {unknown}
 h - a potion of magic {unknown}

Dungeon Overview and Level Annotations

Branches:
Dungeon (3/15)

Altars:


Message History

The quokka closely misses you.
You shoot a sling bullet.
The sling bullet barely misses the quokka.
The quokka bites you. The quokka misses you. The quokka bites you.
You shoot a sling bullet.
The sling bullet barely misses the quokka.
The quokka barely misses you. You furiously retaliate!
You headbutt the quokka.
You kill the quokka!
You start resting.
A goblin comes into view. It is wielding a +0 club.
795 ||| FLEEEEING.
The goblin shouts!
There is an open door here.
796 ||| FLEEEEING.
Found a robe.
797 ||| FLEEEEING.
798 ||| FLEEEEING.
Found a runed scarf and a scroll labelled BIEBIH CIWETU.
799 ||| FLEEEEING.
There is a stone staircase leading up here.
800 ||| STAIRDANCE You climb upwards.
The endoplasm quivers.
The jackal barks!
The goblin shouts!
The jackal closely misses you. The endoplasm hits you.
Found 2 poisoned darts.
There is a stone staircase leading down here.
You shoot a sling bullet.
The sling bullet hits the endoplasm but does no damage.
The jackal bites you. x2
The endoplasm hits you but does no damage.
The endoplasm freezes you.
You are frozen.
The jackal bites you.
You shoot a sling bullet.
The sling bullet hits the endoplasm but does no damage.
The jackal bites you. The endoplasm hits you. The goblin barely misses you.
You furiously retaliate!
You headbutt the goblin. The jackal bites you.
The goblin hits you but does no damage. The endoplasm freezes you.
You are frozen.
You die...

.. #. ###. ####
##.#.#.#.##
#.........#
##.......##
#.........#
#..g@J..#
.......h.......
...#.......#...
. ........... .
...#.#.#.#.##..
#+ .. .... ....
. #. . .. .. ..
.. #. ##....
...(.. ###. ...


You could see an endoplasm, a jackal and a goblin.

Vanquished Creatures
  2 bats (D:1)
  2 endoplasms (D:1)
  A giant cockroach (D:1)
  A goblin (D:2)
  2 quokkas
  A kobold (D:1)
  2 rats (D:1)
11 creatures vanquished.

Notes
Turn   | Place    | Note
-------+----------+-------------------------------------------
     0 | D:1      | qw the Minotaur Hexslinger began the quest for the Orb.
     0 | D:1      | Reached XP level 1. HP: 16/16 MP: 1/1
     0 | D:1      | 0 ||| qw: Version: 0.3-a-46-gb1f654a
     0 | D:1      | 0 ||| qw: Game counter: 2031
     0 | D:1      | 0 ||| qw: Melee chars always use a shield: true
     0 | D:1      | 0 ||| qw: God list: Okawaru
     0 | D:1      | 0 ||| qw: Allow faded altars: false
     0 | D:1      | 0 ||| qw: Do Orc after clearing Dungeon:15 true
     0 | D:1      | 0 ||| qw: Do second Lair branch before Depths: true
     0 | D:1      | 0 ||| qw: Lair rune preference: random
     0 | D:1      | 0 ||| qw: Goals: Normal
     0 | D:1      | 0 ||| PLANNING D:1-11
   351 | D:1      | Reached skill level 3 in Ranged Weapons
   488 | D:1      | Reached XP level 2. HP: 23/23 MP: 2/2
   729 | D:1      | 729 ||| READING 2 scrolls labelled WEIMPISACS.
   730 | D:1      | 730 ||| READING scroll labelled FIM JURCHIMPE.
   731 | D:1      | 731 ||| READING scroll labelled SASSUH JODI.
   732 | D:1      | 732 ||| READING scroll labelled ULYATU DEMA.
   733 | D:1      | 733 ||| DROPPING scroll of poison.
   787 | D:2      | You fall into a shaft and drop 1 floor!
   795 | D:3      | 795 ||| FLEEEEING.
   796 | D:3      | 796 ||| FLEEEEING.
   797 | D:3      | 797 ||| FLEEEEING.
   798 | D:3      | 798 ||| FLEEEEING.
   799 | D:3      | 799 ||| FLEEEEING.
   800 | D:3      | 800 ||| STAIRDANCE
   803 | D:2      | HP: 6/24 [jackal (3)]
   803 | D:2      | HP: 1/24 [jackal (2)]
   803 | D:2      | Frozen to death by an endoplasm

Levels and vault maps discovered:
D:1:      dpeg_arrival_renting, layout_loops_ring
D:2:      layout_basic, st_stairs_4
D:3:      wad_pebble_path, layout_basic, mainiacjoe_overflow_six_doors_small,
          nicolae_the_louvre, uniq_sigmund

Skill      XL: |  1 |
---------------+----+-----
Ranged Weapons | 3 |  3.0
Fighting       | |  1.8
Dodging        | |  2.1
Spellcasting   | |  1.0
Hexes          | |  2.0

Action                     || total
---------------------------++-------
   Fire: Sling             ||    38
    Use: Scroll            ||     4
 Armour: Robe              ||     6
  Dodge: Dodged            ||    15

Table legend:
 A = Non-vault XP
 B = Vault XP
 C = Vault XP percentage of total XP
 D = Non-vault monster count
 E = Vault monster count
 F = Vault count percentage of total count
                 A         B        C        D         E       F
            +---------+---------+-------+---------+---------+-------
      Total |      19 |       0 |   0.0 |      11 |       0 |   0.0
            +---------+---------+-------+---------+---------+-------
        D:1 |      15 |       0 |   0.0 |       9 |       0 |   0.0
        D:2 |       2 |       0 |   0.0 |       1 |       0 |   0.0
        D:3 |       2 |       0 |   0.0 |       1 |       0 |   0.0
            +---------+---------+-------+---------+---------+-------
